 Dungeon Crawl Stone Soup version bcrawl-1.28.1b (webtiles) character file.

Game seed: 9220914016385884110

124511 Adamkad1 the Digger (level 3, -3/26 HPs)
             Began as a Sand Dwarf Earth Elementalist on Dec 17, 2020.
             Slain by a worker ant (7 damage)
             ... on level 2 of the Dungeon.
             The game lasted 00:04:07 (1380 turns).

Adamkad1 the Digger (Sand Dwarf Earth Elementalist) Turns: 1380, Time: 00:04:07

Health: -3/26      AC:  2    Str: 12    XL:     3   Next: 91%
Magic:  0/7        EV: 11    Int: 16    God:
Gold:   100        SH:  0    Dex: 11    Spells: 3/7 levels left

rFire    . . .     SeeInvis .   a - +0 dagger
rCold    . . .     Gourm    .   (shield restricted)
rNeg     . . .     Faith    .   c - +0 robe
rPois    .         Spirit   .   d - +0 hat
rElec    .         Reflect  .   (no cloak)
rCorr    .         Harm     .   (no gloves)
MR       .....                  (no boots)
Stlth    ++........             (no amulet)
HPRegen  0.08/turn              (no ring)
MPRegen  0.10/turn              (no ring)

@: very slightly contaminated, constricted, slow
A: small, slowness 1, armour attunement
a: no special abilities


You were on level 2 of the Dungeon.
You were hungry.

You visited 1 branch of the dungeon, and saw 2 of its levels.

You collected 100 gold pieces.

Inventory:

Hand Weapons
 a - a +0 dagger (weapon)
 m - a +0 whip
Missiles
 b - 139 stones (quivered)
Armour
 c - a +0 robe (worn)
 d - a +0 hat (worn)
Scrolls
 f - 2 scrolls of amnesia {unknown}
 h - a scroll of remove curse {unknown}
 k - 4 scrolls of identify
 n - a scroll of magic mapping {unknown}
Potions
 g - 2 potions of haste {unknown}
 i - 2 potions of mutation {unknown}
 j - a potion of brilliance {unknown}
 l - a potion of agility {unknown}
Comestibles
 e - 2 rations {!d}
 o - 8 chunks of flesh


   Skills:
 + Level 1.9 Dodging
 + Level 1.9 Stealth
 * Level 2.7 Spellcasting
   Level 0.7 Transmutations
 * Level 4.4 Earth Magic


You had 3 spell levels left.
You knew the following spells:

 Your Spells              Type           Power        Failure   Level  Hunger
a - Sandblast             Erth           ###...       3%          1    None
b - Stone Arrow           Conj/Erth      #.....       24%         3    ####...

Your spell library contained the following spells:

 Spells                   Type           Power        Failure   Level  Hunger
 Passwall                 Tmut/Erth      ##......     10%         2    ##.....
 Petrify                  Tmut/Erth      ##........   54%         4    #####..
 Lee's Rapid Deconstruct  Erth           ###.......   65%         5    #######


Dungeon Overview and Level Annotations

Branches:
Dungeon (2/12)

Altars:


Innate Abilities, Weirdness & Mutations

You are small and have problems with some larger weapons.
You cover ground slowly.
Armour does not affect your spellcasting.


Message History

Unknown command.
You hit the worker ant but do no damage.
The worker ant is almost dead.
The worker ant bites you. The ball python misses you.
The ball python grabs you. The ball python constricts you.
You hit the worker ant.
The worker ant is almost dead.
The worker ant bites you! The ball python bites you.
The ball python constricts you. The worker ant misses you.
You barely miss the worker ant.
The worker ant is almost dead.
The ball python closely misses you. The ball python constricts you.
The worker ant bites you.
* * * LOW HITPOINT WARNING * * *
The ball python bites you but does no damage.
The ball python constricts you.
You hit the worker ant but do no damage.
The worker ant is almost dead.
The worker ant bites you!
You die...

........).# ...#..!...#
..........#####
..............#
..##....#....# .#
#....#....#
..#....#....#
#.#....#....######### .#
#.#.#.##....a@......#
...#...#.##....S.......#
.........##########....#
#..........# ...#
....#..###.# ..#
.####......# .#
####..)÷##..... #
.........# ...
..##...#÷# .


You could see a worker ant and a ball python.

Vanquished Creatures
  A worm (D:1)
  3 dart slugs
  A leopard gecko (D:1)
  5 bats (D:1)
  5 giant cockroaches (D:1)
  6 goblins
  2 hobgoblins (D:1)
  7 kobolds
  2 quokkas (D:1)
  A ball python (D:1)
  5 frilled lizards
  5 rats
43 creatures vanquished.

Notes
Turn   | Place    | Note
-------+----------+-------------------------------------------
     0 | D:1      | Adamkad1 the Sand Dwarf Earth Elementalist began the quest
                  | for the Orb.
     0 | D:1      | Reached XP level 1. HP: 14/14 MP: 3/3
   178 | D:1      | Reached XP level 2. HP: 20/20 MP: 1/5
   384 | D:1      | Reached skill level 4 in Earth Magic
   448 | D:1      | Reached XP level 3. HP: 23/26 MP: 1/6
   730 | D:1      | Learned a level 3 spell: Stone Arrow
  1380 | D:2      | Slain by a worker ant

Skill      XL: |  1  2 |
---------------+-------+-----
Earth Magic    | 4 |  4.4
Dodging        | |  1.9
Stealth        | |  1.9
Spellcasting   | |  2.7
Transmutations | |  0.7

Action                   || total
-------------------------++-------
Melee: Unarmed           ||     7
       Whip              ||    36
       Dagger            ||    14
 Cast: Sandblast         ||    46
       Stone Arrow       ||     1
 Stab: Sleeping          ||     2
  Eat: Chunk             ||     4
Armor: Robe              ||    11
Dodge: Dodged            ||    72
